 Dungeon Crawl Stone Soup version 0.18-b1-16-g289874d (webtiles) character file.

3249 Peloso the Blocker (level 9, 0/81 HPs)
             Began as a Minotaur Fighter on May 1, 2016.
             Was a Priest of Okawaru.
             Slain by a wolf (8 damage)
             ... led by Grum
             ... on level 8 of the Dungeon.
             The game lasted 00:22:30 (5885 turns).

Peloso the Blocker (Minotaur Fighter)               Turns: 5885, Time: 00:22:30

Health: 0/81       AC: 14    Str: 21    XL:     9   Next: 67%
Magic:  8/8        EV:  2    Int:  5    God:    Okawaru [***...]
Gold:   371        SH: 21    Dex: 15    Spells: 0 memorised, 8 levels left

rFire  + . .     SeeInvis .     a - +1 long sword
rCold  + . .     Gourm    .     l - +0 plate armour
rNeg   . . .     Faith    .     j - +0 large shield
rPois  .         Spirit   .     (helmet restricted)
rElec  .         Dismiss  .     (no cloak)
rCorr  .         Reflect  +     (no gloves)
SustAt .         Harm     .     b - +0 pair of boots
MR     .....                    d - +3 amulet of reflection
Stlth  ..........               D - +2 ring of dexterity
                                I - ring of Xom's Recklessness {rF+ rC+ EV-2}

@: not resistant to hostile enchantments, extremely unstealthy
A: retaliatory headbutt, horns 2
a: Heroism, Renounce Religion


You were on level 8 of the Dungeon.
You worshipped Okawaru.
Okawaru was most pleased with you.
You were very hungry.

You visited 2 branches of the dungeon, and saw 9 of its levels.

You collected 371 gold pieces.

Inventory:

Hand Weapons
 a - a +1 long sword (weapon)
 F - a +1 hand axe of flaming
Armour
 b - a +0 pair of boots (worn)
 c - a +0 shield
 j - a +0 large shield (worn)
 l - a +0 plate armour (worn)
Jewellery
 d - a +3 amulet of reflection (around neck)
 k - a +2 ring of protection
 o - a +3 ring of intelligence
 z - an uncursed ring of resist corrosion
 D - a +2 ring of dexterity (right hand)
 I - the ring of Xom's Recklessness (left hand) {rF+ rC+ EV-2}
   (You found it on level 6 of the Dungeon)

   [ring of evasion]

   It affects your evasion (-2).
   It protects you from fire.
   It protects you from cold.
Wands
 e - a wand of acid (6/15)
 w - a wand of flame (12/48)
 K - a wand of digging (24/24)
Scrolls
 g - a scroll of blinking
 i - a scroll of enchant armour {unknown}
 n - 2 scrolls of remove curse
 p - 2 scrolls of identify
 s - a scroll of fear
 y - a scroll of teleportation
Potions
 h - a potion of flight
 m - 2 potions of haste
 q - 2 potions of cancellation
 t - 4 potions of curing {unknown}
 x - 2 potions of brilliance {unknown}
 A - a potion of resistance {unknown}
 B - 3 potions of lignification {unknown}
 C - a potion of might
Books
 J - a book of Fire

   Spells                             Type                      Level
   a - Ignite Poison                  Fire/Transmutation/Poison    3
   b - Fireball                       Conjuration/Fire             5
   c - Bolt of Fire                   Conjuration/Fire             6
   d - Delayed Fireball               Conjuration/Fire             7
   e - Ring of Flames                 Charms/Fire                  7
Comestibles
 f - 7 bread rations
 r - 4 slices of pizza
 v - 3 fruits
 E - 2 meat rations


   Skills:
 + Level 8.1 Fighting
 + Level 7.9 Long Blades
 + Level 7.5 Armour
 + Level 2.0 Dodging
 + Level 0.5 Stealth
 + Level 10.8 Shields
 + Level 1.0 Invocations


You had 8 spell levels left.
You didn't know any spells.

Dungeon Overview and Level Annotations

Branches:
Dungeon (8/15)             Temple (1/1) D:4
   Lair: D:8-11

Altars:
Ashenzari
Cheibriados
Dithmenos
Elyvilon
Gozag
Kikubaaqudgha
Makhleb
Okawaru
Pakellas
Ru
Sif Muna
Trog
Vehumet
Xom
Yredelemnul
Zin
The Shining One

Shops:
D:5 =   D:7 =:(}


Innate Abilities, Weirdness & Mutations

You reflexively headbutt those who attack you in melee.
You have a pair of horns on your head.


Message History

You block the wolf's attack. The wolf bites you but does no damage.
The wolf bites you.
* * * LOW HITPOINT WARNING * * *
The wolf bites you but does no damage.
You hit the wolf but do no damage.
The wolf is severely wounded.
The wolf bites you.
* * * LOW HITPOINT WARNING * * *
You block the wolf's attack. The wolf bites you.
* * * LOW HITPOINT WARNING * * *
You block the wolf's attack.
The wolf bites you but does no damage. x2
Drink which item? (? for menu, Esc to quit)
Okay, then.
The wolf bites you but does no damage. You block the wolf's attack. x2
The wolf bites you.
* * * LOW HITPOINT WARNING * * *
You block the wolf's attack. You block the wolf's attack. x2
The wolf bites you!
You die...

#############
#............#
#............#
#............###########
+............>........<#
#............###########
#.......h@...#
#.......hh...#
#.........(..#
#............#
#............#
######)########
#.........# #.....†...#
#.........#


You could see 3 wolves.

Vanquished Creatures
  Grinder (D:4)
  A spriggan (D:7)
  Grum (D:8)
  Menkaure (D:7)
  Duvessa (D:6)
  3 sky beasts
  2 phantoms (D:5)
  An eye of draining (D:7)
  6 ogres
  A wolf (D:8)
  2 giant frogs
  Dowan (D:6)
  A howler monkey (D:4)
  4 wights
  4 crimson imps
  A giant frog skeleton (D:6)
  3 hounds
  A centaur skeleton (D:5)
  6 orc priests (D:5)
  5 orc wizards
  2 iguanas
  Ijyb (D:3)
  Terence (D:3)
  6 worker ants
  A hound skeleton (D:7)
  A howler monkey zombie (D:5)
  6 adders
  A shadow imp (D:8)
  An ooze (D:2)
  An adder zombie (D:7)
  An adder skeleton (D:4)
  3 worms
  6 dart slugs
  6 giant geckos
  13 orcs
  5 giant cockroaches
  14 goblins
  6 hobgoblins
  2 jackals (D:7)
  6 kobolds
  4 quokkas
  3 ball pythons
  10 bats
  A giant newt (D:4)
  3 quokka skeletons
  11 rats
  A spectral orc (D:6)
162 creatures vanquished.

Notes
Turn   | Place    | Note
--------------------------------------------------------------
     0 | D:1      | Peloso the Minotaur Fighter began the quest for the Orb.
     0 | D:1      | Reached XP level 1. HP: 19/19 MP: 0/0
    47 | D:1      | Reached skill level 4 in Shields
    82 | D:1      | Reached XP level 2. HP: 15/27 MP: 1/1
   804 | D:2      | Reached XP level 3. HP: 33/33 MP: 2/2
  1435 | D:2      | Reached XP level 4. HP: 40/40 MP: 3/3
  1569 | D:3      | Noticed Ijyb
  1606 | D:3      | Reached skill level 1 in Dodging
  1612 | D:3      | Reached skill level 5 in Shields
  1631 | D:3      | Killed Ijyb
  1718 | D:3      | Reached XP level 5. HP: 45/47 MP: 4/4
  1757 | D:3      | Found an ancient bone altar of Kikubaaqudgha.
  1799 | D:3      | Noticed Terence
  1808 | D:3      | Killed Terence
  2338 | D:4      | Noticed Grinder
  2343 | D:4      | Paralysed by Grinder for 7 turns
  2356 | D:4      | Killed Grinder
  2356 | D:4      | Reached skill level 5 in Fighting
  2356 | D:4      | Reached skill level 6 in Shields
  2356 | D:4      | Reached XP level 6. HP: 14/56 MP: 5/5
  2593 | D:4      | Reached skill level 5 in Armour
  2607 | D:4      | Found a staircase to the Ecumenical Temple.
  2616 | Temple   | Entered the Ecumenical Temple
  2688 | Temple   | Became a worshipper of Warmaster Okawaru
  2788 | D:4      | Reached XP level 7. HP: 51/61 MP: 6/6
  2798 | D:4      | Found a bloodstained altar of Trog.
  3058 | D:4      | Reached skill level 7 in Shields
  3232 | D:4      | Found a glowing silver altar of Zin.
  3415 | D:5      | Entered Level 5 of the Dungeon
  3492 | D:5      | Reached skill level 5 in Long Blades
  3505 | D:5      | Reached * piety under Okawaru
  3525 | D:5      | Found a shadowy altar of Dithmenos.
  3745 | D:5      | Reached skill level 8 in Shields
  3745 | D:5      | Reached XP level 8. HP: 36/70 MP: 7/7
  4314 | D:5      | Found Budghoda's Jewellery Shoppe.
  4399 | D:6      | Noticed Duvessa
  4412 | D:5      | Reached ** piety under Okawaru
  4412 | D:5      | Reached skill level 9 in Shields
  4431 | D:6      | Killed Duvessa
  4432 | D:6      | Noticed Dowan
  4454 | D:6      | Killed Dowan
  4500 | D:6      | Reached XP level 9. HP: 53/79 MP: 8/8
  4658 | D:6      | Got a heavily runed marble ring
  4677 | D:6      | Identified the cursed ring of Xom's Recklessness {rF+ rC+ EV-2} (You found it on level 6 of the Dungeon)
  4917 | D:6      | Found a basalt altar of Yredelemnul.
  4999 | D:7      | Noticed Menkaure
  5007 | D:7      | Killed Menkaure
  5007 | D:7      | Reached skill level 10 in Shields
  5124 | D:7      | Found Ynank's Jewellery Shoppe.
  5167 | D:7      | Found Ibofria's Antique Weapon Shop.
  5186 | D:7      | Found Nedosh's Book Emporium.
  5239 | D:7      | Reached skill level 1 in Invocations
  5282 | D:7      | Found Jafuthou's Gadget Shoppe.
  5287 | D:7      | Reached *** piety under Okawaru
  5854 | D:8      | Noticed Grum
  5877 | D:8      | Killed Grum
  5885 | D:8      | Slain by a wolf

Skill      XL: |  1  2  3  4  5  6  7  8  9 |
---------------+----------------------------+-----
Shields        | 4 5 6 8 9 10 | 10.8
Fighting       | 4 5 6 7 8 |  8.1
Armour         | 4 5 6 7 |  7.5
Dodging        | 1 2 |  2.0
Long Blades    | 3 4 5 6 7 |  7.9
Invocations    | 1 |  1.0
Stealth        | |  0.5

Action                   |  1- 3 |  4- 6 |  7- 9 || total
-------------------------+-------+-------+-------++-------
Melee: Long sword        |   102 |   158 |   353 ||   613
       Headbutt          |    19 |    30 |    78 ||   127
Invok: Heroism           |       |       |     3 ||     3
  Use: Potion            |       |     1 |       ||     1
       Scroll            |       |       |    14 ||    14
  Eat: Chunk             |     2 |     4 |     9 ||    15
       Fruit             |       |       |     1 ||     1
Armor: Scale mail        |    17 |       |       ||    17
       Plate armour      |    45 |    84 |   140 ||   269
Dodge: Dodged            |    24 |    36 |    42 ||   102
Block: Shield            |    54 |   111 |   232 ||   397
       Reflection        |       |     1 |     4 ||     5
       Large shield      |       |       |    70 ||    70
